 Dungeon Crawl Stone Soup version 0.30-a0-23-ge60ba3568b (webtiles) character file.

Game seed: 17636411868248824247

164 Pilot the Shield-Bearer (level 5, -1/53 HPs)
             Began as a Troll Fighter on Aug 25, 2022.
             Slain by an iguana (6 damage)
             ... on level 3 of the Dungeon.
             The game lasted 00:15:42 (2356 turns).

Pilot the Shield-Bearer (Troll Fighter)             Turns: 2356, Time: 00:15:43

Health: -1/53      AC:  4    Str: 24    XL:     5   Next: 21%
Magic:  4/4        EV:  9    Int:  4    God:
Gold:   102        SH:  8    Dex: 11    Spells: 4/4 levels left

rFire   . . .      SeeInvis .    l - +1 short sword (speed)
rCold   . . .      Faith    .    c - +0 kite shield
rNeg    . . .      Spirit   .    b - +0 robe
rPois   .          Reflect  .    (helmet restricted)
rElec   .          Harm     .    (no cloak)
rCorr   .          Rampage  .    (gloves unavailable)
Will    .....                    (boots unavailable)
Stlth   +.........               (no amulet)
HPRegen 0.97/turn                (no ring)
MPRegen 0.09/turn                (no ring)

@: no status effects
A: large, unfitting armour, claws 3, regeneration 1, shaggy fur 1, tough skin 1
a: no special abilities


You were on level 3 of the Dungeon.
You visited 1 branch of the dungeon, and saw 3 of its levels.

You collected 102 gold pieces.

Inventory:

Hand Weapons
 a - a +0 flail
 l - a +1 short sword of speed (weapon)
 m - a +1 dagger of draining
 o - a +2 short sword of freezing
Missiles
 e - 7 poisoned darts (quivered)
Armour
 b - a +0 robe (worn)
 c - a +0 kite shield (worn)
 t - a +0 robe
Magical Staves
 k - a staff of cold
Scrolls
 g - 6 scrolls of identify {unknown}
 i - a scroll of silence {unknown}
 j - 3 scrolls of fear {unknown}
 q - a scroll of vulnerability {unknown}
 r - a scroll of brand weapon {unknown}
Potions
 d - 2 potions of might
 f - a potion of mutation {unknown}
 h - 2 potions of curing
 n - a potion of haste {unknown}
 p - a potion of flight {unknown}
 s - 2 potions of resistance {unknown}


   Skills:
 + Level 3.3 Fighting
 - Level 1.7 Maces & Flails
 + Level 3.4 Dodging
 + Level 3.8 Shields


You had 4 spell levels left.
You didn't know any spells.
Your spell library contained the following spells:

 Spells                   Type           Power      Damage    Failure   Level
 Apportation              Tloc           0%         N/A       80%         1
 Necrotise                Necr           0%         1d4       80%         1
 Summon Small Mammal      Summ           0%         N/A       80%         1
 Call Canine Familiar     Summ           0%         N/A       99%         3
 Summon Guardian Golem    Hex/Summ       0%         N/A       99%         3
 Leda's Liquefaction      Hex/Erth       0%         N/A       100%        4
 Lee's Rapid Deconstruct  Erth           0%         3d5*      100%        5
 Statue Form              Tmut/Erth      0%         N/A       100%        6


Dungeon Overview and Level Annotations

Branches:
Dungeon (3/15)

Altars:
Uskayaw


Innate Abilities, Weirdness & Mutations

You are too large for most types of armour.
You have claws for hands.
Your natural rate of healing is unusually fast.
You are covered in fur. (AC +1)
You have tough skin. (AC +1)


Message History

The iguana is heavily wounded.
You block the iguana's attack.
You hear some strange, mumbled words.
A puff of flame appears from out of thin air!
The puff of flame hits you!
You hit the iguana but do no damage.
The iguana is heavily wounded.
An adder comes into view.
The iguana bites you!
* * * LOW HITPOINT WARNING * * *
You hear some strange, mumbled words.
A magic dart appears from out of thin air!
The magic dart hits you.
* * * LOW HITPOINT WARNING * * *
It was a potion of curing.
You feel better. You block the iguana's attack. Something hits you.
* * * LOW HITPOINT WARNING * * *
The adder hisses angrily.
You feel better. The iguana bites you!
* * * LOW HITPOINT WARNING * * *
You hit the iguana but do no damage.
The iguana is heavily wounded.
The iguana bites you.
* * * LOW HITPOINT WARNING * * *
You hit the iguana.
The iguana is heavily wounded.
You block the iguana's attack.
You barely miss the iguana.
The iguana is heavily wounded.
You hit the iguana.
The iguana is heavily wounded.
The iguana bites you!
* * * LOW HITPOINT WARNING * * *
You hit the iguana.
The iguana is almost dead.
You block the iguana's attack.
You hit the iguana.
The iguana is almost dead.
The iguana bites you.
You die...

#### #...# #... ..#
#...#######.. # #.#
#...#........ #.
#.######...#.###...# # ..
##...................
...#.#.........(..........
##......S{...........>....
#.......#l####...#..#.....
.....#.##@# #..)#......#.
....... #.# #...##.###.#.
......# #.# #...##.. ..#.
....#. #.# #...########.
...... ... #...# ## .....
### ..... .. .# ....##


You could see an iguana and an adder.

Vanquished Creatures
  Terence (D:3)
  An orc wizard (D:3)
  4 adders (D:2)
  2 dart slugs
  2 orcs
  9 endoplasms
  A giant cockroach (D:1)
  5 goblins
  4 hobgoblins
  6 kobolds
  6 quokkas
  5 ball pythons
  5 bats
  5 frilled lizards
  5 rats
61 creatures vanquished.

Vanquished Creatures (others)
  An orc wizard (D:3)
1 creature vanquished.

Grand Total: 62 creatures vanquished

Notes
Turn   | Place    | Note
-------+----------+-------------------------------------------
     0 | D:1      | Pilot the Troll Fighter began the quest for the Orb.
     0 | D:1      | Reached XP level 1. HP: 22/22 MP: 0/0
     3 | D:1      | Noticed an electric eel
     4 | D:1      | Noticed an electric eel
   205 | D:1      | Reached XP level 2. HP: 29/29 MP: 1/1
   559 | D:1      | You fall into a shaft and drop 1 floor!
  1013 | D:1      | Reached XP level 3. HP: 36/36 MP: 2/2
  1140 | D:2      | Found a faded altar of an unknown god.
  1603 | D:2      | Reached XP level 4. HP: 43/45 MP: 3/3
  1657 | D:2      | Found a hide-covered altar of Uskayaw.
  2181 | D:3      | Reached XP level 5. HP: 52/53 MP: 4/4
  2257 | D:3      | Noticed Terence
  2288 | D:3      | Killed Terence
  2356 | D:3      | Slain by an iguana

Illustrated notes

Levels and vault maps discovered:
D:1:      arrival_aquarium_b, layout_loops_corners
D:2:      layout_basic, basic_altar, hellmonk_ecumenical_altar_lost_god,
          chequers_serial_rivers_micro_b
D:3:      layout_loops_cross, uniq_terence

Skill      XL: |  1  2  3 |
---------------+----------+-----
Shields        | 3 |  3.8
Fighting       | 3 |  3.3
Dodging        | 3 |  3.4
Maces & Flails | |  1.7

Action                   |  1- 3 |  4- 6 || total
-------------------------+-------+-------++-------
Melee: Flail             |   105 |       ||   105
       Short sword       |   101 |   160 ||   261
Throw: Dart              |     1 |     1 ||     2
  Use: Potion            |       |     2 ||     2
 Stab: Sleeping          |       |     1 ||     1
Armor: Robe              |    80 |    30 ||   110
Dodge: Dodged            |    76 |    26 ||   102
Block: Kite shield       |    77 |    52 ||   129

Table legend: (Time is in decaauts)
 A = Elapsed time spent in this place.
 B = Non-inter-level travel time spent in this place.
 C = Inter-level travel time spent in this place.
 D = Time resting spent in this place.
 E = Time spent auto-exploring this place.
 F = Levels seen in this place.
 G = Mean time per level.
                   A        B        C        D        E       F      G
               +--------+--------+--------+--------+--------+-----+--------+
         Total |   2369 |    747 |   1622 |      0 |      0 |   3 |  789.7 |
       Dungeon |   2369 |    747 |   1622 |      0 |      0 |   3 |  789.7 |
               +--------+--------+--------+--------+--------+-----+--------+

Top non-repeatable levels by time:
     D:1: 1136 daAuts
     D:2: 921 daAuts
     D:3: 311 daAuts
